 Dungeon Crawl Stone Soup version 0.30-a0-187-gd9c2deaf24 (webtiles) character file.

Game seed: 5166265549100055631

32 KennySheep the Trooper (level 3, -4/60 HPs)
             Began as an Ogre Berserker on Oct 4, 2022.
             Was a Believer of Trog.
             Succumbed to Terence's poison
             ... on level 2 of the Dungeon.
             The game lasted 00:02:09 (1402 turns).

KennySheep the Trooper (Ogre Berserker)             Turns: 1402, Time: 00:02:10

Health: -4/60      AC:  3    Str: 23    XL:     3   Next: 27%
Magic:  3/3        EV: 10    Int:  8    God:    Trog [**....]
Gold:   117        SH:  0    Dex:  8    Spells: 2/2 levels left

rFire   . . .      SeeInvis .    a - +0 mace
rCold   . . .      Faith    .    (no shield)
rNeg    . . .      Spirit   .    b - +0 animal skin
rPois   .          Reflect  .    (helmet restricted)
rElec   .          Harm     .    (no cloak)
rCorr   .          Rampage  .    (gloves unavailable)
Will    .....                    (boots unavailable)
Stlth   ..........               (no amulet)
HPRegen 0.30/turn                (no ring)
MPRegen 0.08/turn                (no ring)

@: berserking, lethally poisoned (-4 -> -31), very quick
A: large, unfitting armour, tough skin 1
a: Renounce Religion, Berserk, Trog's Hand


You were on level 2 of the Dungeon.
You worshipped Trog.
Trog was pleased with you.
You visited 1 branch of the dungeon, and saw 2 of its levels.

You collected 117 gold pieces.

Inventory:

Hand Weapons
 a - a +0 mace (weapon)
Missiles
 c - a throwing net (quivered)
Armour
 b - a +0 animal skin (worn)
Jewellery
 l - a ring of willpower
Scrolls
 f - a scroll of fear {unknown}
 g - a scroll of teleportation {unknown}
 h - a scroll of brand weapon {unknown}
 k - 2 scrolls of immolation
 m - 2 scrolls of enchant armour
 n - a scroll of poison {unknown}
Potions
 d - a potion of degeneration {unknown}
 e - 2 potions of flight {unknown}
 i - 3 potions of invisibility {unknown}
 j - a potion of heal wounds {unknown}


   Skills:
 + Level 4.5 Fighting
 * Level 3.5 Maces & Flails
 - Level 2.6 Dodging


You had 2 spell levels left.
You didn't know any spells.
Your spell library was empty.

Dungeon Overview and Level Annotations

Branches:
Dungeon (2/15)

Altars:

Annotations:
D:2 Terence


Innate Abilities, Weirdness & Mutations

You are too large for most types of armour.
You have tough skin. (AC +1)


Message History

The giant cockroach bites you but does no damage. x2
You hit the giant cockroach but do no damage.
The giant cockroach is moderately wounded.
Terence hits you with a +1 mace of venom.
You are poisoned.
The giant cockroach closely misses you.
You hit the giant cockroach but do no damage.
The giant cockroach is moderately wounded.
You feel very sick. The giant cockroach bites you. Terence barely misses you.
The giant cockroach barely misses you.
Terence hits you with a +1 mace of venom.
You are more poisoned.
A red film seems to cover your vision as you go berserk!
You feel yourself moving faster!
You feel mighty!
You feel very sick.
The giant cockroach bites you but does no damage.
Terence hits you with a +1 mace of venom.
You are lethally poisoned!
You hit Terence.
Terence is lightly wounded.
You feel very sick.
The giant cockroach bites you but does no damage.
You hit Terence.
Terence is heavily wounded.
You feel very sick.
Terence hits you with a +1 mace of venom.
* * * LOW HITPOINT WARNING * * *
You are more poisoned.
The giant cockroach bites you but does no damage.
You sock Terence!
Terence is almost dead.
* * * LOW HITPOINT WARNING * * *
You feel extremely sick.
Terence hits you with a +1 mace of venom.
* * * LOW HITPOINT WARNING * * *
The giant cockroach barely misses you.
You barely miss Terence.
Terence is almost dead.
You die...

.####......#.#.......#
#...... #...#..##.####...#
#......
##...##...#†..#.#....####...
#...####..#...# #.... #.##
#...###...#..(# ..... #.#
#...##..##.####..# . #.#
###.#...#.#......# ...
#...##.##.@#####
#...#.#..@## #.##.##.B##
#.#[#...## #.###....
#.....[## #......# #.###..
#.


You could see Terence and a giant cockroach.

Vanquished Creatures
  4 ball pythons
  2 endoplasms (D:2)
  A giant cockroach (D:1)
  2 hobgoblins (D:1)
  A quokka (D:2)
  6 bats
  3 frilled lizards (D:2)
  2 goblins
  4 kobolds
  8 rats
33 creatures vanquished.

Notes
Turn   | Place    | Note
-------+----------+-------------------------------------------
     0 | D:1      | KennySheep the Ogre Berserker began the quest for the Orb.
     0 | D:1      | Reached XP level 1. HP: 24/24 MP: 1/1
   198 | D:1      | Reached XP level 2. HP: 31/32 MP: 2/2
  1042 | D:2      | Reached XP level 3. HP: 36/40 MP: 3/3
  1321 | D:2      | Reached ** piety under Trog
  1390 | D:2      | Noticed Terence
  1401 | D:2      | HP: 1/60 [Terence/+1 mace of venom (5)]
  1402 | D:2      | Succumbed to Terence's poison

Illustrated notes

Levels and vault maps discovered:
D:1:      matt_arrival_diagonals, layout_basic, corexii_hall_statues_i,
          grunt_decor_resistance, minmay_cut_off
D:2:      layout_basic, minmay_vboxes, uniq_terence

Skill      XL: |  1 |
---------------+----+-----
Maces & Flails | 3 |  3.5
Fighting       | |  4.5
Dodging        | |  2.6

Action                   || total
-------------------------++-------
Melee: Mace              ||    85
Invok: Berserk           ||     1
  Use: Scroll            ||     2
 Stab: Sleeping          ||     1
Armor: Animal skin       ||    29
Dodge: Dodged            ||    44

Table legend: (Time is in decaauts)
 A = Elapsed time spent in this place.
 B = Non-inter-level travel time spent in this place.
 C = Inter-level travel time spent in this place.
 D = Time resting spent in this place.
 E = Time spent auto-exploring this place.
 F = Levels seen in this place.
 G = Mean time per level.
                   A        B        C        D        E       F      G
               +--------+--------+--------+--------+--------+-----+--------+
         Total |   1420 |   1398 |     22 |      0 |   1190 |   2 |  710.0 |
       Dungeon |   1420 |   1398 |     22 |      0 |   1190 |   2 |  710.0 |
               +--------+--------+--------+--------+--------+-----+--------+

Top non-repeatable levels by time:
     D:1: 1002 daAuts
     D:2: 418 daAuts
